[Event "*** SCC Grand Prix: Titled Tuesday Blitz"]
[Site "Chess.com"]
[Date "2020.07.14"]
[Round "8"]
[White "GMKrikor"]
[Black "arminmusovic"]
[Result "1-0"]
[WhiteElo "2687"]
[BlackElo "2553"]
[TimeControl "180+1"]
[EndTime "11:36:16 PDT"]
[Termination "GMKrikor won by resignation"]

1. e4 c6 2. d4 d5 3. Nc3 dxe4 4. Nxe4 Nf6 5. Nxf6+ exf6 6. c3 Bd6 7. Bd3 O-O 8.
Qc2 Re8+ 9. Ne2 Kh8 10. O-O Nd7 11. Be3 Nf8 12. Rad1 Bg4 13. h3 Bh5 14. c4 Rc8 15.
Rfe1 Bb8 16. g3 Ne6 17. Kg2 Qa5 18. a3 Qc7 19. Bf5 Rcd8 20. d5 Ng5 21. Bxg5 fxg5 22. Qd3 a6 23. Bg4 Bg6 24. Qd2 Qb6 25. Bf3 Be5 26.
b4 cxd5 27. cxd5 Qd6 28. Qxg5 Bb2 29. Nf4 Bxa3 30. h4 h6 31. Nxg6+ fxg6 32. Qg4 Bxb4 33. Re6 Qf8 34. Qxg6 Bc5 35. Be4 Kg8 36. Qh7+ 1-0

[Event "*** SCC Grand Prix: Titled Tuesday Blitz"]
[Site "Chess.com"]
[Date "2020.07.14"]
[Round "8"]
[White "ENajer77"]
[Black "Sibelephant"]
[Result "0-1"]
[WhiteElo "2694"]
[BlackElo "3118"]
[TimeControl "180+1"]
[EndTime "11:36:17 PDT"]
[Termination "Sibelephant won on time"]

1. d4 d5 2. c4 c6 3. Nf3 Nf6 4.
Nc3 a6 5. g3 dxc4 6. Bg2 g6 7.
O-O Bg7 8. a4 O-O 9. a5 Ne8 10.
h3 Nd6 11. e4 Nb5 12. Be3 c5 13. d5 Nxc3 14. bxc3 Bxc3 15. Qc1 Bg7 16. Bxc5 Nd7 17. Bd4 Nf6 18. Qb2 Bd7 19. Rfc1 Bb5 20. Nd2 Rc8 21. Bf1 Qd7 22. Kg2 Bh6 23. f4 Nxe4 24. Nxe4 Qxd5 25. Be2 Qxe4+ 26. Bf3 Qd3 27. Ra3 c3 28. Bxc3 Bc6 29. Bxc6 Rxc6 30. Re1 Rfc8 31. Bg7 Rc2+ 0-1

[Event "*** SCC Grand Prix: Titled Tuesday Blitz"]
[Site "Chess.com"]
[Date "2020.07.14"]
[Round "8"]
[White "GustavoJuarezF"]
[Black "diamonds13"]
[Result "0-1"]
[WhiteElo "2006"]
[BlackElo "2236"]
[TimeControl "180+1"]
[EndTime "11:36:17 PDT"]
[Termination "diamonds13 won on time"]

1. e4 c5 2. Nc3 Nc6 3. g3 g6 4. Bg2 Bg7 5. Nge2 d6 6. O-O e5 7. h3 Nge7 8. d3 O-O 9. Be3 f5 10. f4 Nd4 11. fxe5 dxe5 12. Qd2 Kh8 13. Rf2 Nec6 14.
Raf1 Be6 15. Bg5 Qd7 16. Nxd4 exd4 17. exf5 Rxf5 18. Ne4 Rxf2 19. Nxf2 Ne5 20. g4 Rf8 21. Bh6 Nf3+ 22. Bxf3 Rxf3 23. Bxg7+ Kxg7 24. Ne4 Rxf1+ 25. Kxf1 h5 26. Qg5 hxg4 27. Qf6+ Kh6 28. hxg4 Qf7 29. g5+ Kh5 30. Kf2 c4 31. Kg3 Qxf6 32. gxf6 g5 33.
dxc4 Bxc4 34. b3 Bd5 35. Nd6 Kg6 36. Nb5 Kxf6 37. Nxd4 Ke5 38. c3 a6 39. a3 b5 40. b4 Kf6 0-1

[Event "*** SCC Grand Prix: Titled Tuesday Blitz"]
[Site "Chess.com"]
[Date "2020.07.14"]
[Round "8"]
[White "GMNickPert"]
[Black "viditchess"]
[Result "0-1"]
[WhiteElo "2690"]
[BlackElo "2990"]
[TimeControl "180+1"]
[EndTime "11:36:18 PDT"]
[Termination "viditchess won by resignation"]

1. d4 Nf6 2. Nf3 d5 3. c4 e6 4.
Nc3 Nbd7 5. Bf4 c6 6. e3 h6 7. Bd3 g5 8. Bg3 Nh5 9. cxd5 exd5 10. Ne5 Nxg3 11. hxg3 Bg7 12. f4 Qe7 13. Qf3 Nxe5 14. fxe5 Be6 15. O-O-O O-O-O 16. Kb1 Rhf8 17. Bf5 f6 18.
Qg4 Bxf5+ 19. Qxf5+ Kb8 20. exf6 Rxf6 21. Qd3 Re6 22.
Rde1 Re8 23. Nd1 Qc7 24. g4 Qg3 25. Qh7 R6e7 26. Qf5 Bxd4 27. Ref1 Bg7 28. Qf3 Qe5 29.
Rf2 Rf8 30. Qe2 Qe4+ 31. Ka1 Rxf2 32. Qxf2 Qxg4 33. Rf1 a6 34. a3 Qa4 35. Kb1 Qe4+ 36. Ka1 Ka7 37. Qd2 Qc4 38. Rf3 d4 39. exd4 Re2 40.
Qc3 Qxc3 41. bxc3 Re1 42. Rd3 Rg1 43. g3 Bf8 44. Kb2 Bd6 45. Nf2 Rg2 46. Rf3 Bxg3 47.
Kb3 0-1

[Event "*** SCC Grand Prix: Titled Tuesday Blitz"]
[Site "Chess.com"]
[Date "2020.07.14"]
[Round "8"]
[White "chito89"]
[Black "Chernobay_Artem"]
[Result "1-0"]
[WhiteElo "2803"]
[BlackElo "2629"]
[TimeControl "180+1"]
[EndTime "11:36:18 PDT"]
[Termination "chito89 won by checkmate"]

1. e4 c5 2. Nf3 d6 3. d4 cxd4 4.
Nxd4 Nf6 5. Nc3 a6 6. f4 e5 7. Nf3 Nbd7 8. Bd3 Be7 9. O-O b5 10. Kh1 O-O 11. Qe1 Bb7 12. a3 Nh5 13. fxe5 dxe5 14.
Nd5 Bd6 15. Nh4 Nc5 16. Nf5 Nxd3 17. cxd3 g6 18. Bh6 Re8 19. Nfe3 Nf4 20. Nxf4 exf4 21. Ng4 Rc8 22. Bxf4 Bxf4 23. Rxf4 Kg7 24. Qf2 Re7 25.
Rf1 Rcc7 26. Qh4 h5 27. Nf6 Qxd3 28. Qg5 Bxe4 29. Nxh5+ Kf8 30. Qh6+ Ke8 31. Nf6+ Kd8 32. Qf8+ Re8 33. Qxe8# 1-0

[Event "*** SCC Grand Prix: Titled Tuesday Blitz"]
[Site "Chess.com"]
[Date "2020.07.14"]
[Round "8"]
[White "Tolya2"]
[Black "fabianvivasz"]
[Result "0-1"]
[WhiteElo "2382"]
[BlackElo "2276"]
[TimeControl "180+1"]
[EndTime "11:36:18 PDT"]
[Termination "fabianvivasz won by checkmate"]

1. Nf3 c5 2. c4 Nf6 3. Nc3 d5 4. cxd5 Nxd5 5. e4 Nxc3 6. dxc3 Qxd1+ 7. Kxd1 f6 8. Nd2 e5 9. Nc4 Be6 10. a4 Be7 11. Be3 Nc6 12. f3 Rc8 13. Bd3 Kf7 14. Ke2 Rhd8 15. Na3 Na5 16. Rad1 Bb3 17. Rd2 Bxa4 18.
Nc4 Rxd3 19. Nxa5 Rxd2+ 20. Kxd2 b6 21. Nc4 Rd8+ 22. Kc1 Bb3 23. Nd2 Be6 24. Kc2 a5 25. c4 Ke8 26. b3 Kd7 27. Nb1 Kc6 28. Nc3 g6 29. g4 f5 30. Nd5 Bxd5 31. exd5+ Kd6 32.
gxf5 gxf5 33. Rg1 Bf6 34. Kd3 Re8 35. h4 e4+ 36. fxe4 Rxe4 37. h5 Rxe3+ 38. Kxe3 Bd4+ 39. Kf4 Bxg1 40. Kxf5 Be3 41. Kf6 h6 42. Kf7 Bg5 43. Ke8 Ke5 44. Kd7 Kf4 45. Kc6 Kg4 46. Kxb6 Bd8+ 47.
Kxc5 Kxh5 48. Kc6 Kg6 49. c5 h5 50. Kd7 h4 51. c6 h3 52. Kxd8 h2 53. c7 h1=Q 54. c8=Q Qxd5+ 55. Qd7 Qxb3 56. Qd6+ Kf7 57. Qc7+ Ke6 58. Qc6+ Kf7 59. Qc7+ Ke6 60. Qxa5 Qb8# 0-1

[Event "*** SCC Grand Prix: Titled Tuesday Blitz"]
[Site "Chess.com"]
[Date "2020.07.14"]
[Round "8"]
[White "Mfcyryd"]
[Black "TigrVShlyape"]
[Result "1-0"]
[WhiteElo "2601"]
[BlackElo "2846"]
[TimeControl "180+1"]
[EndTime "11:36:19 PDT"]
[Termination "Mfcyryd won by resignation"]

1. e4 e5 2. Nf3 Nc6 3. d4 exd4 4. Nxd4 Bc5 5. Be3 Qf6 6. Nb5 Bxe3 7. fxe3 Qd8 8. Qg4 g6 9. Qf4 d6 10. Bc4 Ne5 11.
O-O Qe7 12. N1c3 g5 13. Qf2 c6 14. Bxf7+ Kd8 15. Nxd6 Nh6 16. Rad1 Kc7 17. Bb3 a6 18.
Rd4 Bd7 19. Rfd1 Nhg4 20. Qg3 h5 21. Nf7 Rhd8 22. Nxd8 Rxd8 23. h3 h4 24. Qe1 Nf6 25. Qd2 Rf8 26. Rd6 Bc8 27. Qd4 Nh5 28. Na4 Kb8 29.
Nc5 Ng3 30. Bc4 Nxc4 31. Qxc4 Qe5 32. Nd7+ Bxd7 33. Rxd7 Qf6 34. e5 Qf2+ 35. Kh2 Ne2 36. Rxb7+ Kxb7 37. Rd7+ 1-0

[Event "*** SCC Grand Prix: Titled Tuesday Blitz"]
[Site "Chess.com"]
[Date "2020.07.14"]
[Round "8"]
[White "theblitzchamp"]
[Black "swimmerchess"]
[Result "1-0"]
[WhiteElo "2664"]
[BlackElo "2809"]
[TimeControl "180+1"]
[EndTime "11:36:21 PDT"]
[Termination "theblitzchamp won by resignation"]

1. d4 Nf6 2. Bf4 g6 3. Nc3 d5 4. e3 Bg7 5. h4 O-O 6. h5 c5 7. hxg6 hxg6 8. Nf3 Nc6 9. Ne5 cxd4 10. exd4 Qb6 11. Nxc6 bxc6 12. Qd2 Ne4 13. Nxe4 dxe4 14. O-O-O Bg4 15. Bh6 Bxd1 16. Bxg7 Kxg7 17. Qh6+ Kf6 18. Bc4 e6 19. Qh4+ g5 20. Qh6+ Ke7 21. Qxg5+ f6 22. Rh7+ Rf7 23. Qg6 Rf8 24. Qxe4 Bg4 25. Rxf7+ Rxf7 26. Qxg4 Qb4 27. Qxe6+ Kd8 28. c3 Qa5 29. Qxf7 Qg5+ 30.
Kc2 Qf5+ 31. Kb3 Qxf2 32. Qf8+ Kc7 33. Qe7+ Kb6 34. Qc5+ Kb7 35. Qe7+ Kb6 36. Qd8+ Kb7 37. d5 Qxg2 38. Qd7+ Kb6 39. Qxc6+ 1-0

[Event "*** SCC Grand Prix: Titled Tuesday Blitz"]
[Site "Chess.com"]
[Date "2020.07.14"]
[Round "8"]
[White "maestroza"]
[Black "N00bM3ster"]
[Result "0-1"]
[WhiteElo "2502"]
[BlackElo "2817"]
[TimeControl "180+1"]
[EndTime "11:36:24 PDT"]
[Termination "N00bM3ster won on time"]

1. d4 Nf6 2. Nf3 d5 3. c4 e6 4. Nc3 Bb4 5. cxd5 exd5 6. Bg5 h6 7. Bh4 g5 8. Bg3 Ne4 9. Nd2 Nxc3 10. bxc3 Bxc3 11. Rc1 Ba5 12. e3 c6 13. Bd3 Nd7 14. h4 Qf6 15. Qh5 g4 16. Qxg4 Nc5 17.
Qe2 Nxd3+ 18. Qxd3 Bf5 19. Qe2 O-O 20. Be5 Qg6 21. f3 f6 22. Bf4 h5 23. g4 hxg4 24. Rg1 Qh7 25. fxg4 Bd3 26. Qf2 Rae8 27. g5 fxg5 28.
Rxg5+ Kf7 29. Bd6+ Ke6 30. Bxf8 Rxf8 31. Re5+ Kd7 32. Qxf8 Qxh4+ 0-1

[Event "*** SCC Grand Prix: Titled Tuesday Blitz"]
[Site "Chess.com"]
[Date "2020.07.14"]
[Round "8"]
[White "elamier"]
[Black "Azoulas1"]
[Result "1-0"]
[WhiteElo "2325"]
[BlackElo "2043"]
[TimeControl "180+1"]
[EndTime "11:36:24 PDT"]
[Termination "elamier won on time"]

1. d4 Nf6 2. Bg5 e6 3. e4 h6 4. Bxf6 Qxf6 5. Nc3 Bb4 6. Qd2 c5 7. a3 Bxc3 8. bxc3 Nc6 9. Nf3 O-O 10. Bd3 cxd4 11.
cxd4 Nxd4 12. Nxd4 Qxd4 13. O-O Qf6 14. f4 d6 15. Qe2 e5 16. f5 Bd7 17. c4 Bc6 18. Kh1 Rac8 19. Qe3 b6 20. Rg1 Qg5 21. Qe2 Rfd8 22.
Raf1 f6 23. Rf3 h5 24. Rg3 Qh6 25. Rg6 Qh7 26. g4 hxg4 27. R1xg4 Rc7 28. Rxf6 Qh3 29. Rfg6 Rf8 30. f6 Rff7 31. Rg3 Qe6 32. Qh5 Rxf6 33. R6g4 Qf7 34. Qh3 Bd7 35. Be2 Bxg4 36. Qxg4 Rf2 37. Kg1 Rf4 38. Qg5 Qf6 39. Qh5 Qf7 40. Qg5 Qf6 41. Qh5 Qf7 42. Qh3 Qd7 43. Bg4 1-0

[Event "*** SCC Grand Prix: Titled Tuesday Blitz"]
[Site "Chess.com"]
[Date "2020.07.14"]
[Round "8"]
[White "EfM13"]
[Black "Dr_crypt"]
[Result "0-1"]
[WhiteElo "2246"]
[BlackElo "2395"]
[TimeControl "180+1"]
[EndTime "11:36:24 PDT"]
[Termination "Dr_crypt won on time"]

1. e4 d5 2. exd5 Qxd5 3. Nc3 Qd6 4. d4 c6 5. Nf3 Bg4 6. Be2 Nd7 7. h3 Bh5 8. Bg5 e6 9. Qd2 Qc7 10. Ne4 Bg6 11.
Bd3 Ngf6 12. Nxf6+ gxf6 13. Bf4 Bd6 14. Bxd6 Qxd6 15.
O-O-O O-O-O 16. g3 Qd5 17. Bxg6 hxg6 18. Qc3 Qxa2 19. b3 Nb6 20. Qc5 e5 21. Kd2 Rd5 22. Qb4 e4 23. Ra1 Qb2 24. Rhb1 Qxb1 25. Rxb1 exf3 26.
c3 c5 27. Qb5 cxd4 28. Qf1 d3 29. c4 Re5 30. Re1 Re2+ 31. Rxe2 fxe2 32. Qe1 Rd8 33.
h4 Kb8 34. c5 Nd5 35. Kxd3 Nf4+ 36. Kc2 Rd1 37. Qxd1 exd1=Q+ 38. Kxd1 Ne6 39. g4 Nxc5 40. h5 gxh5 41. gxh5 Ne6 42. h6 Ng5 43. Kd2 Kc7 44. Ke3 Kd6 45. Kf4 Ke6 0-1

[Event "*** SCC Grand Prix: Titled Tuesday Blitz"]
[Site "Chess.com"]
[Date "2020.07.14"]
[Round "8"]
[White "BakaPG"]
[Black "sorito"]
[Result "0-1"]
[WhiteElo "2626"]
[BlackElo "2472"]
[TimeControl "180+1"]
[EndTime "11:36:25 PDT"]
[Termination "sorito won by resignation"]

1. e4 e6 2. d4 b6 3. Bd3 Bb7 4. Nf3 Nf6 5. Nbd2 d5 6. e5 Ne4 7. O-O Be7 8. Re1 Nxd2 9. Bxd2 a5 10.
b3 Nc6 11. c3 Ba6 12. Bxa6 Rxa6 13. Rc1 a4 14. g3 axb3 15. axb3 O-O 16. h4 Ra2 17.
Kg2 Qd7 18. Rc2 Rfa8 19. Rxa2 Rxa2 20. Qb1 Ra3 21. Bc1 Ra7 22. Bg5 Bf8 23. h5 h6 24.
Bf4 Qc8 25. g4 Qa6 26. g5 Qa2 27. Qd1 Qb2 28. gxh6 Ra2 29. Be3 gxh6 30. Nh2 Qc2 31. Qf3 Ne7 32. Rg1 Nf5 33. Kh1+ Kh7 34. Ng4 Bg7 35.
Kh2 Qe4 36. Qxe4 dxe4 37. Rc1 Rb2 38. b4 b5 39. Kg2 c6 40. Ra1 Rb3 41. Ra7 Kg8 42.
Bd2 Rb2 43. Bf4 Rc2 44. Nf6+ Bxf6 45. exf6 e3 46. Ra8+ Kh7 47. Rf8 Rxf2+ 48. Kh3 Rxf4 49. Rxf7+ Kg8 50. Ra7 e2 51. f7+ Kf8 0-1

[Event "*** SCC Grand Prix: Titled Tuesday Blitz"]
[Site "Chess.com"]
[Date "2020.07.14"]
[Round "8"]
[White "Zarinur"]
[Black "malandragem"]
[Result "0-1"]
[WhiteElo "2097"]
[BlackElo "2356"]
[TimeControl "180+1"]
[EndTime "11:36:25 PDT"]
[Termination "malandragem won by resignation"]

1. e4 c5 2. Nf3 d6 3. Bb5+ Nc6 4.
Bxc6+ bxc6 5. O-O e5 6. c3 f5 7. exf5 Be7 8. d4 e4 9. Nfd2 d5 10. Qa4 Nf6 11. dxc5 O-O 12. Nb3 Bxf5 13. Nd4 Ng4 14. h3 Ne5 15. Nxc6 Qd7 16. Nxe7+ Qxe7 17. Be3 Bxh3 18. Qd4 Rad8 19. Nd2 Nc6 20. Qa4 Bd7 21. Qb3 Be6 22. Qa4 Bd7 23. Qb3 Rf5 24. Rfd1 Be6 25.
Qc2 Qh4 26. Nf1 Rh5 27. Ng3 Ne5 28. Nxh5 Qxh5 29. Bf4 Nf3+ 30. gxf3 exf3 31. Qd3 Qg4+ 32. Bg3 h5 33. Qe3 h4 34. Re1 Bf5 35. Qf4 Qh3 36. Re8+ Rxe8 0-1

[Event "*** SCC Grand Prix: Titled Tuesday Blitz"]
[Site "Chess.com"]
[Date "2020.07.14"]
[Round "8"]
[White "awesomevishesh"]
[Black "DonPreuss"]
[Result "1-0"]
[WhiteElo "2329"]
[BlackElo "2170"]
[TimeControl "180+1"]
[EndTime "11:36:25 PDT"]
[Termination "awesomevishesh won by checkmate"]

1. e4 e5 2. Nf3 d5 3. Nxe5 Bd6 4. d4 dxe4 5. Nc4 Ne7 6. Nc3 f5 7. Be2 O-O 8. O-O Qe8 9. Nxd6 cxd6 10. Nb5 Qc6 11.
Bf4 Rf6 12. c4 a6 13. d5 Qd7 14. Nd4 Qe8 15. f3 Ng6 16. Bg5 Rf7 17. fxe4 fxe4 18. Rxf7 Qxf7 19. Qd2 Ne5 20. Rf1 Qg6 21. Qf4 Nbd7 22.
Ne6 h6 23. Be7 Nf3+ 24. Bxf3 exf3 25. Rxf3 Nf6 26. Bxf6 gxf6 27. Rg3 Kf7 28. Rxg6 Kxg6 29. Qxd6 b5 30. c5 a5 31. c6 b4 32. Qe7 Ba6 33. g4 Rg8 34. h4 h5 35. Nf4+ Kh6 36.
Qxf6+ Kh7 37. g5 Bd3 38. Qh6# 1-0

[Event "*** SCC Grand Prix: Titled Tuesday Blitz"]
[Site "Chess.com"]
[Date "2020.07.14"]
[Round "8"]
[White "GelmanAlexander"]
[Black "GOGIEFF"]
[Result "0-1"]
[WhiteElo "2613"]
[BlackElo "2905"]
[TimeControl "180+1"]
[EndTime "11:36:26 PDT"]
[Termination "GOGIEFF won by resignation"]

1. c4 Nf6 2. Nf3 g6 3. e3 Bg7 4.
Be2 O-O 5. O-O c5 6. d3 Nc6 7. a3 d5 8. cxd5 Nxd5 9. Nbd2 b6 10. Qc2 Bb7 11. Ne4 Rc8 12. Bd2 h6 13. Rac1 e6 14. Qb1 Qe7 15. Rfd1 Rfd8 16. h3 f5 17. Ng3 Kh7 18. Re1 e5 19. h4 Nf6 20. Bc3 a5 21. h5 Nxh5 22. Nxh5 gxh5 23. Nh2 h4 24. Bf3 Bf6 25. Kh1 Rg8 26. Qc2 Rg7 27. Rg1 Rcg8 28. Qe2 Nd8 29. Bxb7 Qxb7 30. e4 f4 31. Qh5 Qd7 32.
Rcd1 Nf7 33. Nf3 a4 34. Kh2 Qe6 35. Qf5+ Qxf5 36. exf5 Rd8 37. Rge1 Rd5 38. Kh3 h5 39. Re2 Kh6 40. Rf1 Ng5+ 41. Nxg5 Kxg5 42. Rfe1 Kxf5 43. Re4 Re7 44. Rxa4 Rxd3+ 45. f3 Rg7 46. Re2 Rg3+ 47. Kh2 h3 48. Ra8 hxg2 49. Rxg2 Rdxf3 50. Rxg3 Rxg3 51. Rf8 h4 52. Be1 e4 53. Bxg3 hxg3+ 54. Kg2 Ke6 55.
Re8+ Kd5 56. Rd8+ Kc4 57. Rf8 Be5 58. Rf5 f3+ 59. Kf1 g2+ 0-1

[Event "*** SCC Grand Prix: Titled Tuesday Blitz"]
[Site "Chess.com"]
[Date "2020.07.14"]
[Round "8"]
[White "QuintilianoR"]
[Black "fighter2jz"]
[Result "0-1"]
[WhiteElo "2646"]
[BlackElo "2821"]
[TimeControl "180+1"]
[EndTime "11:36:26 PDT"]
[Termination "fighter2jz won by resignation"]

1. d4 Nf6 2. Nf3 g6 3. c4 Bg7 4. Nc3 d5 5. h4 dxc4 6. e4 c5 7. d5 b5 8. h5 Nxh5 9. Nxb5 O-O 10. Bxc4 Bg4 11. Qc2 a6 12. Nc3 Qd6 13. Ne2 Nd7 14.
Rh4 Bxf3 15. gxf3 Ne5 16. Ng1 Qf6 17. Rxh5 gxh5 18. Be2 Ng6 19. Qxc5 Rac8 20. Qe3 e6 21. f4 exd5 22. e5 Qf5 23. Nf3 h4 24. Nd4 Rxc1+ 25. Rxc1 Qxf4 26. Qxf4 Nxf4 27. Nf5 Bxe5 28. Bxa6 h3 29.
Nh6+ Kg7 30. Ng4 Bxb2 31. Rc6 Re8+ 32. Kd1 h5 33. Nh2 Re6 34. Rxe6 fxe6 35. Bf1 Kf6 36. Kd2 Bd4 37. Ke1 Bc3+ 38. Kd1 e5 39. Nf3 e4 40.
Nh2 d4 41. a4 d3 42. Kc1 Ke5 43.
Kd1 Kd4 0-1

[Event "*** SCC Grand Prix: Titled Tuesday Blitz"]
[Site "Chess.com"]
[Date "2020.07.14"]
[Round "8"]
[White "freshfoodcompany"]
[Black "SHIVACalypso"]
[Result "1/2-1/2"]
[WhiteElo "2277"]
[BlackElo "2440"]
[TimeControl "180+1"]
[EndTime "11:36:26 PDT"]
[Termination "Game drawn by repetition"]

1. d4 e6 2. c4 Nf6 3. Nc3 Bb4 4. e3 O-O 5. Bd3 d5 6. Nf3 c5 7. O-O cxd4 8. exd4 dxc4 9. Bxc4 b6 10. Bg5 Bb7 11. a3 Be7 12. Qe2 h6 13. Bh4 Nbd7 14. Rfd1 Rc8 15.
Ne5 Nxe5 16. dxe5 Nd5 17. Nxd5 exd5 18. Bxe7 Qxe7 19. Bxd5 Bxd5 20. Rxd5 Rfd8 21. Rxd8+ Rxd8 22. h3 Rd5 23. f4 Qc5+ 24. Kh2 Qd4 25. Rf1 Qd2 26.
Qf3 Rd3 27. Qa8+ Kh7 28. Qe4+ Kg8 29. e6 fxe6 30. Qxe6+ Kh7 31. Qe4+ Kh8 32. f5 Re3 33. Qf4 Re2 34. Qg3 Re3 35. Qg6 Qxb2 36. f6 Qe5+ 37. Kh1 gxf6 38. Qxh6+ Kg8 39. Qg6+ Kh8 40. Qh6+ Kg8 41.
Qg6+ Kh8 42. Qh6+ 1/2-1/2

[Event "*** SCC Grand Prix: Titled Tuesday Blitz"]
[Site "Chess.com"]
[Date "2020.07.14"]
[Round "8"]
[White "Mikhail_Golubev"]
[Black "LastHeroJr"]
[Result "1-0"]
[WhiteElo "2599"]
[BlackElo "2456"]
[TimeControl "180+1"]
[EndTime "11:36:27 PDT"]
[Termination "Mikhail_Golubev won on time"]

1. e4 e5 2. Nf3 Nc6 3. Nc3 Nf6 4. d4 exd4 5. Nxd4 Bb4 6. Nxc6 bxc6 7. Bd3 d5 8. exd5 cxd5 9. O-O O-O 10. Bg5 c6 11. Na4 Re8 12. c4 h6 13. Bh4 Bd6 14. cxd5 cxd5 15.
Rc1 Be5 16. Bb5 Bd7 17. Bxd7 Qxd7 18. Nc5 Qd6 19. Bxf6 Bxf6 20. Nd3 Rab8 21. Rc2 Qa6 22. a3 Qd6 23. Nb4 d4 24. Nd3 Re7 25. Qf3 Rbe8 26.
g3 Rb8 27. Rfc1 Rbe8 28. Rc6 Qd8 29. h4 Re6 30. Rc8 Qxc8 31. Rxc8 Rxc8 32. Qb7 Rc2 33.
Qxa7 Rd2 34. Qa8+ Kh7 35. Qf3 Ree2 36. a4 Rxb2 37. Nxb2 Rxb2 38. a5 Ra2 39. a6 Ra1+ 40.
Kg2 Kg8 41. Qb7 d3 42. a7 1-0

[Event "*** SCC Grand Prix: Titled Tuesday Blitz"]
[Site "Chess.com"]
[Date "2020.07.14"]
[Round "8"]
[White "boasovietica"]
[Black "andy_rekt"]
[Result "1-0"]
[WhiteElo "2476"]
[BlackElo "2303"]
[TimeControl "180+1"]
[EndTime "11:36:27 PDT"]
[Termination "boasovietica won by checkmate"]

1. e4 e6 2. d4 d5 3. Nd2 h6 4. e5 c5 5. c3 Nc6 6. Ndf3 Qb6 7.
Bd3 Bd7 8. Ne2 cxd4 9. cxd4 Bb4+ 10. Kf1 Rc8 11. h4 g6 12. Nf4 Bf8 13. Rh3 Nge7 14.
Bb1 Bg7 15. a3 Na5 16. b4 Nc4 17. Kg1 O-O 18. h5 g5 19. Nxg5 hxg5 20. h6 gxf4 21. hxg7 Kxg7 22. Rh7+ Kg8 23. Qh5 Nf5 24. Bxf5 exf5 25.
Rh6 Rc6 26. Rh8+ Kg7 27. Rxf8 Kxf8 28. Qh8+ Ke7 29. Bxf4 Rg6 30. Re1 Nxa3 31. e6 Bxe6 32. Qb8 Nc4 33. Bc7 Qc6 34. Qd8# 1-0

[Event "*** SCC Grand Prix: Titled Tuesday Blitz"]
[Site "Chess.com"]
[Date "2020.07.14"]
[Round "8"]
[White "Vaathi_Coming"]
[Black "frederiksvane"]
[Result "0-1"]
[WhiteElo "2898"]
[BlackElo "2703"]
[TimeControl "180+1"]
[EndTime "11:36:28 PDT"]
[Termination "frederiksvane won on time"]

1. f4 c5 2. Nf3 d5 3. g3 Nf6 4.
Bg2 g6 5. O-O Bg7 6. d3 O-O 7. c3 b6 8. Na3 Bb7 9. Nc2 Nc6 10. Qe1 Qc7 11. Kh1 e5 12. fxe5 Nxe5 13. Bf4 Nxf3 14. Bxc7 Nxe1 15. Raxe1 Rfe8 16. Bf4 Re6 17. c4 Rae8 18. Bf3 h6 19. h4 Bc6 20. b3 R8e7 21. Na3 a6 22. Nb1 dxc4 23. Bxc6 Rxc6 24.
bxc4 Rce6 25. Nc3 b5 26. cxb5 axb5 27. Nxb5 Rxe2 28. Rxe2 Rxe2 29. a4 Ra2 30. Nc3 Ra3 31. Rc1 Nh5 32. Nd5 Rxa4 33. Rxc5 Rd4 34. Kg2 Rxd3 35.
Ne7+ Kh7 36. Bb8 Rd2+ 37. Kf3 Rd8 0-1

[Event "*** SCC Grand Prix: Titled Tuesday Blitz"]
[Site "Chess.com"]
[Date "2020.07.14"]
[Round "8"]
[White "sergivila"]
[Black "Ucitelot"]
[Result "0-1"]
[WhiteElo "2363"]
[BlackElo "2509"]
[TimeControl "180+1"]
[EndTime "11:36:28 PDT"]
[Termination "Ucitelot won by resignation"]

1. e4 c5 2. Nf3 Nc6 3. Bb5 g6 4. Bxc6 bxc6 5. O-O Bg7 6. Re1 f6 7. c3 Nh6 8. d4 cxd4 9. cxd4 Nf7 10. Nc3 O-O 11. b3 d6 12. Bb2 Qa5 13. h3 Bd7 14. Rc1 Rab8 15. Qd3 Bc8 16. Nd2 Ba6 17. Qc2 Rfc8 18. a3 Bh6 19. b4 Qh5 20. Rcd1 Ng5 21. Nf1 Qh4 22. Ng3 Ne6 23. e5 fxe5 24. dxe5 d5 25. Nce2 Bc4 26. Nd4 Nxd4 27. Rxd4 Bf4 28. Bc1 Rf8 29. Qc3 Qg5 30. Bxf4 Rxf4 31. Nf1 Rbf8 32. f3 Bxf1 33. Kxf1 R4f5 34. Qxc6 Rxf3+ 35. Kg1 Rf1+ 36. Rxf1 Qe3+ 37. Kh2 Qxe5+ 38. Rdf4 Rxf4 39. Rxf4 Qxf4+ 40. Kh1 d4 41. Qd5+ Kg7 42. b5 Qf1+ 43. Kh2 d3 44. Qe5+ Qf6 45. Qd5 Qd6+ 0-1

[Event "*** SCC Grand Prix: Titled Tuesday Blitz"]
[Site "Chess.com"]
[Date "2020.07.14"]
[Round "8"]
[White "doctorcristian"]
[Black "natelleka"]
[Result "1-0"]
[WhiteElo "2411"]
[BlackElo "2140"]
[TimeControl "180+1"]
[EndTime "11:36:28 PDT"]
[Termination "doctorcristian won on time"]

1. d4 d5 2. Bf4 Nc6 3. e3 Bf5 4. Nc3 e6 5. a3 Bd6 6. Bb5 Nf6 7.
Nf3 O-O 8. Bxc6 bxc6 9. O-O c5 10. dxc5 Bxc5 11. Nd4 Bg6 12. Nc6 Qe8 13. Ne5 Bd6 14.
b4 Bxe5 15. Bxe5 Nd7 16. Bxc7 Qc8 17. Bd6 Qxc3 18. Bxf8 Rxf8 19. Qd4 Qxd4 20. exd4 Rc8 21. Ra2 Nb6 22. a4 Rxc2 23. Rxc2 Bxc2 24. a5 Nc4 25. Ra1 Kf8 26. b5 Ke7 27. b6 Nxb6 28. axb6 axb6 29.
Ra7+ Kf6 30. Rb7 Kg6 31. f3 Bd3 32. Rxb6 Kf6 33. Kf2 Ke7 34. Ke3 Bg6 35. Rb7+ Kd6 36. h4 Kc6 37. Ra7 Kb6 38. Re7 h5 39. g4 hxg4 40.
fxg4 Kc6 41. h5 Kd6 42. Ra7 Bb1 43. Rxf7 g6 44. h6 g5 45. h7 Bxh7 46. Rxh7 1-0

[Event "*** SCC Grand Prix: Titled Tuesday Blitz"]
[Site "Chess.com"]
[Date "2020.07.14"]
[Round "8"]
[White "talaicito"]
[Black "Sueetin"]
[Result "0-1"]
[WhiteElo "2180"]
[BlackElo "2335"]
[TimeControl "180+1"]
[EndTime "11:36:28 PDT"]
[Termination "Sueetin won on time"]

1. d4 Nf6 2. Nc3 d5 3. Bf4 a6 4. e3 g6 5. Nf3 Bg7 6. Ne5 c6 7. h4 h5 8. Be2 Nfd7 9. g4 hxg4 10.
Bxg4 Nxe5 11. dxe5 Bxg4 12. Qxg4 Qd7 13. Qg3 Qf5 14.
O-O-O Nd7 15. f3 Bxe5 16. Bxe5 Qxe5 17. f4 Qf5 18. e4 dxe4 19. Qe3 Nf6 20. Rd4 Kf8 21.
Nxe4 Nd5 22. Qg3 Qxf4+ 23. Qxf4 Nxf4 24. Rd7 f6 25. Rxb7 g5 26. Re1 gxh4 27. Nc5 Ng6 28. Ne6+ Kf7 29. Nc7 Rad8 30. Nxa6 h3 31. Nc5 h2 32.
Rh1 Rd5 33. Nd3 Rg5 34. Kd2 Rg1 35. Nf2 Ne5 36. a4 Ng4 0-1

[Event "*** SCC Grand Prix: Titled Tuesday Blitz"]
[Site "Chess.com"]
[Date "2020.07.14"]
[Round "8"]
[White "bascheyaro"]
[Black "IMHansNiemann"]
[Result "0-1"]
[WhiteElo "2715"]
[BlackElo "2869"]
[TimeControl "180+1"]
[EndTime "11:36:30 PDT"]
[Termination "IMHansNiemann won by resignation"]

1. d4 g6 2. Nf3 Bg7 3. Bf4 d6 4. e3 Nf6 5. Be2 O-O 6. O-O Nc6 7. h3 Nd7 8. Bh2 e5 9. c4 f5 10. dxe5 dxe5 11. Nc3 h6 12. Qd5+ Kh7 13. e4 f4 14.
Rfd1 g5 15. Na4 Qe7 16. a3 Nb6 17. Nxb6 axb6 18. Qb5 h5 19. h4 gxh4 20. Rd5 Be6 21. Rad1 Bxd5 22. cxd5 Nd8 23. Rc1 Nf7 24. Ne1 Nd6 25.
Qd3 Ra4 26. Bxh5 Rd4 27. Qb1 Bf6 28. b3 Kh8 29. f3 Rg8 30. Kh1 Qg7 31. Rc2 Qh7 32.
Bg4 Nxe4 33. fxe4 Rxg4 34. Re2 h3 35. Nf3 hxg2+ 36. Kg1 Qh3 37. Nxd4 exd4 38. e5 Rh4 39. Rxg2 f3 40. Rf2 Rg4+ 41. Kh1 Rg2 0-1

[Event "*** SCC Grand Prix: Titled Tuesday Blitz"]
[Site "Chess.com"]
[Date "2020.07.14"]
[Round "8"]
[White "XDPS"]
[Black "davidkalashian"]
[Result "1-0"]
[WhiteElo "2693"]
[BlackElo "2569"]
[TimeControl "180+1"]
[EndTime "11:36:30 PDT"]
[Termination "XDPS won by checkmate"]

1. e4 c5 2. Nf3 a6 3. c4 e6 4. Nc3 Nc6 5. d4 cxd4 6. Nxd4 Nf6 7. Nxc6 dxc6 8. Qxd8+ Kxd8 9. Bf4 Bb4 10. O-O-O+ Ke7 11. f3 Nd7 12. a3 Bxc3 13. Bd6+ Ke8 14. bxc3 f6 15. c5 Ne5 16. Kc2 Nf7 17. Bc7 Ke7 18. Bc4 Bd7 19. f4 Rac8 20. Ba5 g5 21. Rb1 gxf4 22. Rxb7 Ne5 23. Rd1 Rhg8 24. Bf1 Rb8 25. Rxb8 Rxb8 26. Bc7 Ra8 27. Bd6+ Ke8 28. Rb1 Bc8 29. a4 Kd7 30. a5 Ke8 31. Be2 Kd7 32. Rd1 Ke8 33. Bh5+ Ng6 34. e5 fxe5 35. Bxe5 Ra7 36.
Bxf4 Rd7 37. Bd6 Rf7 38. Rd2 Rf1 39. Kb2 Rh1 40. Rf2 e5 41. Rf8+ Kd7 42. Bg4# 1-0